 Dungeon Crawl Stone Soup version 0.16-a0-1167-g3157814 (webtiles) character file.

228 Ratboiler the Spear-Bearer (level 6, 0/44 HPs)
             Began as a Merfolk Skald on Oct 9, 2014.
             Was a Follower of Ashenzari.
             Slain by an iguana (15 damage)
             ... on level 5 of the Dungeon.
             The game lasted 00:10:40 (3403 turns).

Ratboiler the Spear-Bearer (Merfolk Skald)          Turns: 3403, Time: 00:10:40

Health: 0/44       AC: -1    Str: 13    XL:     6   Next: 2%
Magic:  10/10      EV:  8    Int: 11    God:    Ashenzari [*.....]
Gold:   155        SH:  0    Dex: 15    Spells: 1 memorised, 8 levels left

rFire  . . .     SeeInvis .     l - +0 trident
rCold  . . .     Clarity  .     u - +0 scale mail (curse)
rNeg   . . .     SustAb   .     (no shield)
rPois  .         Gourm    .     (no helmet)
rElec  .         Spirit   .     y - +0 cloak (curse)
rCorr  .         Warding  .     H - +0 pair of gloves (curse)
rMut   .         Stasis   .     (no boots)
MR     .....                    I - cursed amulet of faith
Stlth  +.........               q - cursed +4 ring of slaying
                                n - cursed ring of stealth

@: corroded equipment, not resistant to hostile enchantments, very unstealthy
A: change form in water, swift swim
a: Renounce Religion


You were on level 5 of the Dungeon.
You worshipped Ashenzari.
Ashenzari was aware of your devotion.
You were not hungry.

You visited 2 branches of the dungeon, and saw 6 of its levels.

You collected 155 gold pieces.

Inventory:

Hand weapons
 a - a +0 spear
 l - a +0 trident (weapon)
 F - a +0 blowgun
Missiles
 z - 2 throwing nets (quivered)
 G - 12 poisoned needles
Armour
 b - a +0 leather armour
 r - a +0 chain mail
 u - a cursed +0 scale mail (worn)
 y - a cursed +0 cloak (worn)
 H - a cursed +0 pair of gloves (worn)
Comestibles
 d - 3 bread rations
 f - a royal jelly
 g - 4 meat rations
 m - a beef jerky
 E - a slice of pizza
Scrolls
 e - 2 scrolls of enchant weapon {unknown}
 h - a scroll of magic mapping {unknown}
 i - a scroll of remove curse
 k - 2 scrolls of random uselessness {unknown}
 o - a scroll of fog {unknown}
 s - 3 scrolls of identify {unknown}
 w - 3 scrolls of immolation {unknown}
 A - a scroll of blinking {unknown}
 C - 3 scrolls of curse armour
Jewellery
 n - a cursed ring of stealth (left hand)
 q - a cursed +4 ring of slaying (right hand)
 I - a cursed amulet of faith (around neck)
Potions
 j - 2 potions of curing {unknown}
 p - a potion of restore abilities {unknown}
 v - a potion of porridge
 x - a potion of invisibility {unknown}
 B - a potion of might {unknown}
 D - a potion of agility {unknown}
Books
 c - a book of Battle

   Spells                             Type                      Level
   *Infusion                          Charms                       1
   Shroud of Golubria                 Charms/Translocation         2
   Song of Slaying                    Charms                       2
   Spectral Weapon                    Hexes/Charms                 3
   Regeneration                       Charms/Necromancy            3
 t - a book of Enchantments

   Spells                             Type                      Level
   Tukima's Dance                     Hexes                        3
   Cause Fear                         Hexes                        4
   Silence                            Hexes/Air                    5
   Deflect Missiles                   Charms/Air                   6
   Haste                              Charms                       6
   Discord                            Hexes                        8


   Skills:
 - Level 2.1 Fighting
 + Level 8.8 Polearms
 - Level 0.6 Armour
 - Level 1.3 Dodging
 - Level 2.0 Spellcasting
 - Level 3.2 Charms


You had 8 spell levels left.
You knew the following spells:

 Your Spells              Type           Power        Failure   Level  Hunger
a - Infusion              Chrm           #.....       56%         1    ##.....


Dungeon Overview and Level Annotations

Branches:
Dungeon (5/15)             Temple (1/1) D:4

Altars:
Ashenzari
Cheibriados
Dithmenos
Elyvilon
Fedhas
Gozag
Kikubaaqudgha
Makhleb
Nemelex Xobeh
Okawaru
Qazlal
Ru
Sif Muna
Trog
Vehumet
Xom
Yredelemnul
Zin
The Shining One


Message History

The bat barely misses you. The bat barely misses you. The bat hits you. x2
The bat closely misses you. The bat hits you.
* * * LOW HITPOINT WARNING * * *
Unknown command.
The bat hits you.
* * * LOW HITPOINT WARNING * * *
The bat barely misses you. The bat barely misses you.
You see here a cursed dagger.
You barely miss the bat. The bat hits you.
* * * LOW HITPOINT WARNING * * *
The bat hits you.
* * * LOW HITPOINT WARNING * * *
Unknown command.
The bat barely misses you. The iguana bites you!
You die...

##...# ....# #...# #...#
##...# ####....#
##....._.# #.l.##...###
#@#........#
........>#........#
#.#..######........#
...............<......#
......#######%.......#
.###....................#
......#..#####...........#
.....(...#####.##........#
...............##........#


You could see an iguana.

Vanquished Creatures
  A jelly (D:5)
  2 iguanas (D:4)
  A worker ant (D:4)
  4 adders
  A giant mite (D:3)
  4 oozes
  A ball python (D:1)
  9 bats
  A bat zombie (D:3)
  5 giant cockroaches
  8 hobgoblins
  12 kobolds
  3 giant geckos
  4 giant newts
  A giant newt skeleton (D:5)
  7 goblins
  A goblin skeleton (D:4)
  7 rats
  A rat skeleton (D:4)
73 creatures vanquished.

Notes
Turn   | Place    | Note
--------------------------------------------------------------
     0 | D:1      | Ratboiler, the Merfolk Skald, began the quest for the Orb.
     0 | D:1      | Reached XP level 1. HP: 16/16 MP: 3/3
   312 | D:1      | Reached skill level 4 in Polearms
   312 | D:1      | Reached XP level 2. HP: 20/22 MP: 4/4
   794 | D:2      | Reached XP level 3. HP: 27/27 MP: 6/6
   805 | D:2      | Reached skill level 5 in Polearms
  1537 | D:3      | Reached skill level 6 in Polearms
  1600 | D:3      | Reached XP level 4. HP: 33/33 MP: 7/7
  1971 | D:4      | Found a staircase to the Ecumenical Temple.
  1979 | Temple   | Entered the Ecumenical Temple
  2092 | Temple   | Became a worshipper of Ashenzari the Shackled
  2347 | D:4      | Reached skill level 7 in Polearms
  2482 | D:4      | Reached XP level 5. HP: 19/38 MP: 9/9
  2818 | D:4      | Reached skill level 8 in Polearms
  2844 | D:4      | Found a basalt altar of Yredelemnul.
  3263 | D:5      | Entered Level 5 of the Dungeon
  3263 | D:5      | Found a burning altar of Makhleb.
  3376 | D:5      | Reached XP level 6. HP: 31/44 MP: 10/10
  3403 | D:5      | Slain by an iguana

Action                   |  1- 3 |  4- 6 || total
-------------------------+-------+-------++-------
Melee: Spear             |    78 |       ||    78
       Trident           |    62 |    96 ||   158
  Use: Scroll            |       |     7 ||     7
 Stab: Sleeping          |     1 |       ||     1
  Eat: Chunk             |     2 |     4 ||     6
       Beef jerky        |       |     1 ||     1
